 Dungeon Crawl Stone Soup version 0.19-a0-922-gae50766 (webtiles) character file.

36730 cappa the Severer (level 13, -1/127 HPs)
             Began as a Hill Orc Berserker on July 6, 2016.
             Was a High Priest of Trog.
             Slain by a red ugly thing (11 damage)
             ... on level 1 of the Depths.
             The game lasted 02:00:03 (18373 turns).

cappa the Severer (Hill Orc Berserker)             Turns: 18373, Time: 02:00:04

Health: -1/127     AC: 32    Str: 26    XL:     13   Next: 92%
Magic:  13/13      EV:  5    Int:  7    God:    Trog [*****.]
Gold:   623        SH: 13    Dex: 12    Spells: 0 memorised, 12 levels left

rFire  + . .     SeeInvis .     y - +8 war axe (elec)
rCold  + . .     Gourm    .     J - +9 armour of the Dragon King {rPois rF+ rC+ MR+}
rNeg   . . .     Faith    .     s - +0 shield
rPois  +         Spirit   .     d - +0 helmet
rElec  .         Dismiss  .     (no cloak)
rCorr  .         Reflect  .     x - +1 pair of gloves
SustAt .         Harm     .     o - +0 pair of boots
MR     ++...                    (no amulet)
Stlth  ..........               j - ring of protection from magic
                                f - +3 ring of strength

@: very resistant to hostile enchantments, extremely unstealthy
A: no striking features
a: Berserk, Trog's Hand, Brothers in Arms, Burn Spellbooks, Renounce Religion


You were on level 1 of the Depths.
You worshipped Trog.
Trog was extremely pleased with you.
You were hungry.

You visited 3 branches of the dungeon, and saw 16 of its levels.
You also visited: Ossuary.

You collected 713 gold pieces.
You spent 90 gold pieces at shops.

Inventory:

Hand Weapons
 y - a +8 war axe of electrocution (weapon)
Missiles
 Z - 7 tomahawks of returning (quivered)
Armour
 d - a +0 helmet (worn)
 o - a +0 pair of boots (worn)
 s - a +0 shield (worn)
 x - a +1 pair of gloves (worn)
 J - the +9 armour of the Dragon King (worn) {rPois rF+ rC+ MR+}
   (You found it on level 4 of the Dungeon)

   It protects you from fire.
   It protects you from cold.
   It protects you from poison.
   It affects your resistance to hostile enchantments.
Jewellery
 f - a +3 ring of strength (left hand)
 j - a ring of protection from magic (right hand)
Wands
 p - a wand of iceblast (5/15)
 A - a wand of paralysis (12/24)
 E - a wand of acid (8/15)
 L - a wand of disintegration (6/24)
 S - a wand of confusion (11/48)
 W - a wand of flame (34/48)
 X - a wand of lightning (7/15)
Scrolls
 k - 4 scrolls of recharging
 B - 6 scrolls of remove curse
 V - a scroll of magic mapping
 Y - a scroll of fog
Potions
 b - 3 potions of flight
 h - 3 potions of lignification
 l - 2 potions of might
 m - a potion of heal wounds
 n - 6 potions of curing
 q - a potion of invisibility
 t - 3 potions of ambrosia
 z - 2 potions of resistance
 D - a potion of cancellation
 K - a potion of agility
 Q - a potion of cure mutation
Comestibles
 c - a bread ration
 i - 3 meat rations
 r - 2 beef jerkies
 u - 12 royal jellies
 G - 3 fruits
 O - a slice of pizza


   Skills:
 * Level 15.2 Fighting
 + Level 15.2 Axes
 * Level 11.6 Armour
 - Level 1.5 Dodging
 + Level 12.4 Shields
 - Level 1.0 Evocations


You had 12 spell levels left.
You didn't know any spells.

Dungeon Overview and Level Annotations

Branches:
Dungeon (15/15)            Temple (1/1) D:4            Lair (0/6) D:10
 Depths (1/5) D:15
    Orc: D:9-12      Vaults: D:13-14

Altars:
Ashenzari
Cheibriados
Dithmenos
Elyvilon
Fedhas
Gozag
Hepliaklqana
Kikubaaqudgha
Makhleb
Nemelex Xobeh
Okawaru
Pakellas
Qazlal
Ru
Sif Muna
Trog
Uskayaw
Vehumet
Xom
Yredelemnul
Zin
The Shining One

Shops:
D:4 %   D:11 *

Portals:
Hell: Depths:1
Pandemonium: Depths:1

Annotations:
D:3 Etesian's ghost, amateur CeMo
D:8 Gastronok


Message History

The orb of energy hits you!
* * * LOW HITPOINT WARNING * * *
The orb of energy explodes!
You feel much better. The rakshasa hits you with a trident.
* * * LOW HITPOINT WARNING * * *
The rakshasa hits you from afar with a trident!
* * * LOW HITPOINT WARNING * * *
The rakshasa hits you from afar with a trident.
* * * LOW HITPOINT WARNING * * *
There is an open door here.
As you read the scroll of teleportation, it crumbles to dust.
You feel strangely unstable.
The rakshasa hits you from afar with a trident!
* * * LOW HITPOINT WARNING * * *
Your surroundings suddenly seem different.
The red ugly thing gurgles horribly!
The brown ugly thing gurgles horribly! x2
The red ugly thing stings you!
* * * LOW HITPOINT WARNING * * *
You are engulfed in flames!
You resist.
You die...

############### #.............#
#.............#
#.............####
#..u..........'..#
#....@........##.#####
#..u.u........##....[.
#..>..........##.#####
..'.....u.......##.# ###
####.###.........##.#
#≈####§####≈#.........##.#
##C≈≈≈§.≈≈≈≈.#.........##.#
+##gu.uuuu......###'#######u#
..Cuu.Q.#'#u.............##.#####


You could see 4 ugly things.

Vanquished Creatures
  A blizzard demon (Depths:1)
  2 fire dragons (Depths:1)
  Erolcha (D:10)
  A centaur warrior (D:14)
  2 ogre magi
  The ghost of Etesian the Skirmisher, a novice NaFi of Okawaru (D:9)
  Erica (D:8)
  3 tengu warriors
  2 vampire magi (Depths:1)
  5 hill giants
  A torturous demonspawn (Depths:1)
  A wizard (D:15)
  8 ugly things
  An orc sorcerer (D:15)
  4 centaur zombies
  A sixfirhy (Depths:1)
  Psyche (D:8)
  Joseph (D:10)
  2 naga magi (D:15)
  4 centaur skeletons
  5 kobold demonologists (D:11)
  4 yaktaurs (D:15)
  An efreet (D:14)
  A tengu conjurer (Depths:1)
  A red devil (Depths:1)
  A polar bear (shapeshifter) (Depths:1)
  5 two-headed ogres
  A troll (D:11)
  Grinder (D:3)
  Prince Ribbit (D:6)
  A slime creature (D:9)
  Sigmund (D:6)
  A ynoxinul (Depths:1)
  A shadow (D:15)
  A wyvern (D:10)
  A wraith (D:15)
  9 yaks
  A hungry ghost (D:8)
  3 hippogriffs
  A steam dragon (D:8)
  4 vampire mosquitoes (D:15)
  A chaos spawn (Depths:1)
  2 wargs
  Edmund (D:6)
  A soldier ant (D:14)
  3 water moccasins
  7 orc warriors
  A sky beast (D:6)
  6 black bears
  A wasp (D:10)
  An eye of draining (D:11)
  4 ice beasts
  2 necrophages
  3 phantoms
  11 ogres
  11 centaurs
  4 big kobolds
  4 giant frogs
  3 water moccasin zombies (Ossuary)
  4 scorpions
  A water moccasin skeleton (D:6)
  8 killer bees
  6 crimson imps
  3 giant frog zombies
  6 hounds
  4 jellies
  9 orc priests
  A giant frog skeleton (D:7)
  9 orc wizards
  5 iguanas
  Ijyb (D:3)
  11 worker ants
  A big kobold zombie (Ossuary)
  3 hound zombies
  A hound skeleton (D:8)
  2 mummies (Ossuary)
  A worker ant zombie (D:9)
  Robin (D:3)
  4 gnolls
  12 adders
  7 shadow imps
  3 white imps (Depths:1)
  An ufetubus (Depths:1)
  5 oozes (D:10)
  6 adder zombies (Ossuary)
  A worm (D:1)
  3 dart slugs
  4 giant geckos
  33 orcs
  A giant cockroach (D:6)
  3 gnoll zombies (Ossuary)
  12 goblins
  10 hobgoblins
  12 jackals
  2 quokkas
  A ball python (D:3)
  5 bats
  4 giant newts
  3 hobgoblin zombies (Ossuary)
  27 kobolds
  2 kobold zombies (Ossuary)
  9 orc zombies (Ossuary)
  A quokka skeleton (D:7)
  4 rats
406 creatures vanquished.

Notes
Turn   | Place    | Note
-------+----------+-------------------------------------------
     0 | D:1      | cappa the Hill Orc Berserker began the quest for the Orb.
     0 | D:1      | Reached XP level 1. HP: 19/19 MP: 1/1
   168 | D:1      | Reached XP level 2. HP: 12/27 MP: 2/2
  1238 | D:2      | Found a hazy altar of Hepliaklqana.
  1262 | D:2      | Reached XP level 3. HP: 33/33 MP: 3/3
  2095 | D:3      | Noticed Etesian's ghost (amateur CeMo)
  2618 | D:3      | Noticed Robin
  2625 | D:3      | Killed Robin
  2625 | D:3      | Reached XP level 4. HP: 41/41 MP: 4/4
  2626 | D:3      | Reached ** piety under Trog
  2698 | D:3      | Reached skill level 1 in Shields
  2793 | D:3      | Noticed Grinder
  2795 | D:3      | Paralysed by Grinder for 3 turns
  2812 | D:3      | Killed Grinder
  2812 | D:3      | Reached skill level 5 in Axes
  2812 | D:3      | Reached XP level 5. HP: 26/47 MP: 5/5
  2812 | D:3      | Reached XP level 6. HP: 31/55 MP: 6/6
  3000 | D:3      | Found a glowing silver altar of Zin.
  3008 | D:3      | Reached skill level 5 in Armour
  3060 | D:3      | Reached skill level 5 in Fighting
  3330 | D:3      | Noticed Ijyb
  3333 | D:3      | Paralysed by Ijyb for 5 turns
  3346 | D:3      | Paralysed by Ijyb for 6 turns
  3355 | D:3      | Killed Ijyb
  3502 | D:3      | Noticed an ice beast
  3521 | D:3      | Killed an ice beast
  3521 | D:3      | Reached XP level 7. HP: 61/61 MP: 7/7
  3822 | D:4      | Found Viovaeta's Food Emporium.
  3825 | D:4      | Bought 5 fruits for 90 gold pieces
  4458 | D:4      | Identified the Handbook of Talismans
  4477 | D:4      | Found a staircase to the Ecumenical Temple.
  4484 | Temple   | Entered the Ecumenical Temple
  4871 | D:5      | Entered Level 5 of the Dungeon
  4882 | D:5      | You fall through a shaft for 2 floors!
  5005 | D:6      | Reached skill level 1 in Evocations
  5116 | D:6      | Found an opulent altar of Gozag.
  5122 | D:6      | Found a bloodstained altar of Trog.
  5123 | D:6      | Found an iron altar of Okawaru.
  5196 | D:6      | Reached *** piety under Trog
  5202 | D:6      | Reached XP level 8. HP: 53/69 MP: 8/8
  5351 | D:6      | Noticed Prince Ribbit
  5359 | D:6      | Noticed Sigmund
  5445 | D:6      | Killed Sigmund
  5445 | D:6      | Reached skill level 5 in Shields
  5598 | D:6      | Found a basalt altar of Yredelemnul.
  5649 | D:6      | Noticed Edmund
  5695 | D:6      | Killed Edmund
  6356 | D:6      | Found a white marble altar of Elyvilon.
  6356 | D:6      | Found a glowing golden altar of the Shining One.
  6653 | D:6      | Found a shimmering altar of Xom.
  6689 | D:6      | Killed Prince Ribbit
  6689 | D:6      | Reached XP level 9. HP: 61/78 MP: 9/9
  7315 | D:7      | Found a shattered altar of Ashenzari.
  7529 | D:7      | Found a shimmering altar of Xom.
  7723 | D:8      | Reached **** piety under Trog
  7767 | D:8      | Noticed Gastronok
  7836 | D:8      | Found a sand-covered staircase.
  7846 | Ossuary  | Entered an ossuary
  8666 | D:8      | Found a sparkling altar of Nemelex Xobeh.
  8839 | D:7      | HP: 4/82 [poisoned by a killer bee]
  8844 | D:7      | HP: 2/82 [poisoned by a killer bee]
  8849 | D:7      | HP: 2/82 [poisoned by a killer bee]
  9263 | D:8      | Reached XP level 10. HP: 52/90 MP: 10/10
  9455 | D:8      | Noticed Erica
  9484 | D:8      | Killed Erica
  9693 | D:8      | Found an ancient bone altar of Kikubaaqudgha.
  9693 | D:8      | Noticed Psyche
  9719 | D:8      | Paralysed by something for 2 turns
  9730 | D:8      | Killed Psyche
 10090 | D:9      | Noticed Etesian's ghost (novice NaFi)
 10126 | D:9      | Killed Etesian's ghost
 10254 | D:9      | Reached skill level 10 in Fighting
 10313 | D:9      | Reached ***** piety under Trog
 10434 | D:9      | Reached skill level 10 in Axes
 10520 | D:9      | Received a gift from Trog
 10604 | D:9      | Reached XP level 11. HP: 19/101 MP: 11/11
 10962 | D:9      | Found a blossoming altar of Fedhas.
 11371 | D:10     | Entered Level 10 of the Dungeon
 11721 | D:10     | Noticed Joseph
 11722 | D:10     | Found a staircase to the Lair.
 11722 | D:10     | Noticed Erolcha
 12147 | D:10     | Killed Joseph
 12486 | D:10     | Killed Erolcha
 12486 | D:10     | Reached skill level 10 in Armour
 12736 | D:10     | Reached skill level 10 in Shields
 12975 | D:11     | Noticed a hill giant
 12997 | D:11     | Killed a hill giant
 13139 | D:11     | Noticed a soul eater
 13397 | D:11     | Found Doih's Elemental Accessories.
 13425 | D:11     | Noticed a hill giant
 13439 | D:11     | Killed a hill giant
 13736 | D:11     | Noticed a hill giant
 13790 | D:11     | Killed a hill giant
 13914 | D:11     | Reached XP level 12. HP: 68/112 MP: 12/12
 14676 | D:11     | Received a gift from Trog
 15213 | D:12     | You fall through a shaft for 3 floors!
 15213 | D:15     | Entered Level 15 of the Dungeon
 15538 | D:14     | Noticed a tengu warrior
 15541 | D:14     | Noticed a tengu warrior
 15554 | D:14     | Killed a tengu warrior
 15559 | D:14     | Killed a tengu warrior
 15724 | D:14     | Noticed a centaur warrior
 15733 | D:14     | Killed a centaur warrior
 16162 | D:15     | Reached XP level 13. HP: 123/123 MP: 13/13
 16430 | D:15     | Received a gift from Trog
 16772 | D:15     | Found a staircase to the Depths.
 16832 | Depths:1 | Entered Level 1 of the Depths
 16840 | Depths:1 | Noticed a fire dragon
 16859 | Depths:1 | Killed a fire dragon
 17278 | Depths:1 | Noticed an ogre mage
 17289 | Depths:1 | Killed an ogre mage
 17409 | Depths:1 | Found a gateway to Hell.
 17422 | Depths:1 | Noticed a fire dragon
 17431 | Depths:1 | Noticed an ice dragon
 17432 | Depths:1 | Killed a fire dragon
 17433 | Depths:1 | Noticed a stone giant
 17433 | Depths:1 | Reached skill level 15 in Axes
 17434 | Depths:1 | Noticed a stone giant
 17438 | Depths:1 | Noticed a stone giant
 17445 | Depths:1 | Noticed a red very ugly thing
 17445 | Depths:1 | Noticed a red very ugly thing
 17978 | Depths:1 | Reached skill level 15 in Fighting
 17981 | Depths:1 | Noticed a blizzard demon
 17998 | Depths:1 | Found a one-way gate leading to the halls of Pandemonium.
 18035 | Depths:1 | Killed a blizzard demon
 18295 | Depths:1 | Noticed a jiangshi
 18340 | Depths:1 | Noticed a rakshasa
 18373 | Depths:1 | Slain by a red ugly thing

Vault maps used:
D:1:      shiori_shiawase
D:2:      nicolae_overflow_crystal_walls
D:3:      zin_statuary, minmay_misc_feat_rows, uniq_iyjb, uniq_robin,
          uniq_grinder
D:4:      first_bread, serial_shops, kennysheep_mini_moat,
          uniq_crazy_yiuf_cottage
D:5:      uniq_duvessa
D:6:      old_standard_altar, gammafunk_temple_overflow_elements,
          grunt_temple_overflow_open, basic_altar, uniq_prince_ribbit1,
          uniq_edmund, uniq_blork_the_orc, uniq_sigmund
D:7:      kennysheep_little_box, evilmike_ruin_ashenzari
D:8:      nemelex_xobeh_ov_fountains_minmay, kiku_gazebo_pond_becter,
          enter_ossuary_1, uniq_erica, uniq_psyche, uniq_gastronok
D:9:      lemuel_doored_altar
D:10:     erik_lair_orcish_takeover, hangedman_little_slice_of_home,
          minivault_24, uniq_erolcha, uniq_joseph
D:11:     hangedman_decor_points, nicolae_elemental_shop
D:12:     orc_0_dummy, serial_shops, shop
D:14:     corexii_leaking_fountain
D:15:     grunt_enter_depths_magical_seal, hangedman_abyss_or_decor_stabs
Temple:   dpeg_chambers_temple
Depths:1: grunt_pan_entry_zigzag, hangedman_geh_valley, minmay_curled_crystal,
          nemelex_diamond_rough_becter
Ossuary:  ossuary_tomb_2

Skill      XL: |  1  2  3  4  5  6  7  8  9 10 11 12 13 |
---------------+----------------------------------------+-----
Fighting       | 4 5 6 8 10 12 13 15 | 15.2
Armour         | 4 5 6 7 8 9 10 11 | 11.6
Shields        | 2 3 4 6 7 9 10 11 12 | 12.4
Axes           | 5 6 7 8 10 12 13 15 | 15.2
Evocations     | 1 |  1.0
Dodging        | |  1.5

Action                   |  1- 3 |  4- 6 |  7- 9 | 10-12 | 13-15 || total
-------------------------+-------+-------+-------+-------+-------++-------
Melee: Hand axe          |   131 |   107 |   748 |   872 |       ||  1858
       War axe           |       |       |       |   147 |   261 ||   408
Throw: Tomahawk          |       |       |       |     1 |       ||     1
Invok: Burn Spellbooks   |     1 |       |     1 |     4 |     1 ||     7
       Brothers in Arms  |       |       |       |     1 |       ||     1
Evoke: Wand              |       |     2 |    17 |     4 |     2 ||    25
  Use: Scroll            |     5 |       |    11 |     6 |    10 ||    32
       Potion            |       |       |     1 |     4 |     1 ||     6
  Eat: Chunk             |     4 |       |     9 |    17 |     2 ||    32
       Bread ration      |     1 |       |     2 |     1 |     1 ||     5
       Fruit             |       |       |     2 |       |       ||     2
       Meat ration       |       |       |     1 |       |       ||     1
Armor: Animal skin       |     5 |       |       |       |       ||     5
       Chain mail        |    70 |    51 |    17 |       |       ||   138
       Gold dragon armou |       |       |   503 |   600 |   166 ||  1269
Dodge: Dodged            |    67 |    26 |    78 |   115 |    35 ||   321
Block: Shield            |    34 |    43 |   379 |   503 |   154 ||  1113
